 Dungeon Crawl Stone Soup version 0.20.0-15-g7f486f2 (webtiles) character file.

62 blackwizard the Chiller (level 3, -6/31 HPs)
             Began as a Troll Ice Elementalist on June 15, 2017.
             Mangled by a worker ant (8 damage)
             ... on level 2 of the Dungeon.
             The game lasted 00:08:45 (1817 turns).

blackwizard the Chiller (Troll Ice Elementalist)    Turns: 1817, Time: 00:08:46

Health: -6/31      AC:  5    Str: 16    XL:     3   Next: 85%
Magic:  1/4        EV: 10    Int: 15    God:
Gold:   86         SH:  0    Dex: 10    Spells: 4/5 levels left

rFire    . . .     SeeInvis .   j - +0 hand axe
rCold    . . .     Gourm    +   (no shield)
rNeg     . . .     Faith    +   a - +0 robe
rPois    .         Spirit   .   (helmet restricted)
rElec    .         Reflect  .   (no cloak)
rCorr    .         Harm     .   (gloves unavailable)
MR       .....                  (boots unavailable)
Stlth    +.........             u - amulet of faith
Regen    0.5/turn               l - +3 ring of intelligence
MPRegen  0.1/turn               (no ring)

@: lethally poisoned (-6 -> -8)
A: unfitting armour, claws 3, fast metabolism 3, gourmand, regeneration 1,
shaggy fur 1, tough skin 2
a: no special abilities


You were on level 2 of the Dungeon.
You were hungry.

You visited 1 branch of the dungeon, and saw 3 of its levels.

You collected 86 gold pieces.

Inventory:

Hand Weapons
 g - a +0 club
 j - a +0 hand axe (weapon)
 o - a +0 short sword
 t - a +0 mace
Missiles
 f - 105 stones (quivered)
 h - 34 sling bullets
 i - 16 bolts
Armour
 a - a +0 robe (worn)
 p - a +0 helmet
Jewellery
 l - a +3 ring of intelligence (left claw)
 u - an amulet of faith (around neck)
Scrolls
 e - a scroll of remove curse {unknown}
 m - a scroll of teleportation {unknown}
 r - a scroll of identify {unknown}
Potions
 d - 2 potions of might {unknown}
 k - 4 potions of curing {unknown}
 q - a potion of berserk rage {unknown}
Books
 b - a book of Frost

   Spells                             Type                      Level
   a - Freeze                         Ice                          1
   b - Throw Frost                    Conjuration/Ice              2
   c - Ozocubu's Armour               Charms/Ice                   3
   d - Throw Icicle                   Conjuration/Ice              4
   e - Summon Ice Beast               Ice/Summoning                4
 s - a book of Maledictions

   Spells                             Type                      Level
   a - Corona                         Hexes                        1
   b - Ensorcelled Hibernation        Hexes/Ice                    2
   c - Confuse                        Hexes                        3
   d - Tukima's Dance                 Hexes                        3
   e - Dazzling Spray                 Conjuration/Hexes            3
Comestibles
 n - a meat ration


   Skills:
 + Level 0.2 Fighting
 + Level 0.1(0.2) Axes
 + Level 0.1(0.2) Maces & Flails
 + Level 1.9 Dodging
 + Level 1.2 Stealth
 + Level 1.6 Spellcasting
   Level 0.6 Conjurations
 + Level 2.9 Ice Magic


You had 4 spell levels left.
You knew the following spells:

 Your Spells              Type           Power        Failure   Level  Hunger
a - Freeze                Ice            #...         7%          1    ##.....


Dungeon Overview and Level Annotations

Branches:
Dungeon (3/15)

Altars:

Annotations:
D:3 skittles's ghost, amateur DrFE


Innate Abilities, Weirdness & Mutations

You are too large for most types of armour.
You have claws for hands.
Your metabolism is lightning-fast.
You like to eat raw meat.
Your natural rate of healing is unusually fast.
You are covered in fur. (AC +1)
You have very tough skin. (AC +2)


Message History

You feel sick.
Casting: Freeze
Confirm with . or Enter, or press ? or * to list all spells.
Aiming: Freeze
Press: ? - help, Shift-Dir - straight line, f/p - worker ant
Aim: a worker ant (moderately wounded)
You freeze the worker ant.
The worker ant is moderately wounded.
* * * LOW HITPOINT WARNING * * *
You feel sick. The worker ant misses you. The worker ant closely misses you.
Casting: Freeze
Confirm with . or Enter, or press ? or * to list all spells.
Aiming: Freeze
Press: ? - help, Shift-Dir - straight line, f/p - worker ant
Aim: a worker ant (moderately wounded)
You freeze the worker ant.
The worker ant is heavily wounded.
* * * LOW HITPOINT WARNING * * *
You feel sick. The worker ant bites you!
You die...

######## .......# .......#
.......# .......# #######
.......###################.....##
.......'........@aK............'.
.......####...############.....##
#'####........# #.....# #.#
#.)......# ##########.....#
#'####........###........#.....#
.>...'..........'........#.....#
...###.....######........#.....#
...# #.....# #........#.....##
...# ##.#### #........###.#...


You could see a worker ant and a kobold.

Vanquished Creatures
  An adder (D:2)
  2 ball pythons (D:1)
  10 bats
  3 giant cockroaches
  5 goblins (D:1)
  5 hobgoblins
  7 jackals
  3 frilled lizards
  5 kobolds
  7 rats
48 creatures vanquished.

Notes
Turn   | Place    | Note
-------+----------+-------------------------------------------
     0 | D:1      | blackwizard the Troll Ice Elementalist began the quest for the Orb.
     0 | D:1      | Reached XP level 1. HP: 16/16 MP: 1/1
   202 | D:1      | Reached XP level 2. HP: 18/24 MP: 0/3
   598 | D:1      | Reached XP level 3. HP: 31/31 MP: 1/4
  1747 | D:3      | Noticed skittles's ghost (amateur DrFE)
  1817 | D:2      | Mangled by a worker ant

Action                   || total
-------------------------++-------
Melee: Club              ||    10
       Unarmed           ||     6
       Hand axe          ||    50
 Cast: Freeze            ||    56
  Eat: Chunk             ||     6
       Bread ration      ||     2
Armor: Robe              ||   143
Dodge: Dodged            ||   175
